AoeStats
← AGE OF AI

Arena

509427243Analyzed
4v4 RM · 7d ago on Sep 26, 2026· 40m 54s· 8 players
Game mode
Random Map
Map size
Large (8 player)
Population
200
Speed
Normal
Resources
Standard
Victory
Conquest
Starting age
Dark Age
Ending age
Imperial Age
RankedLock teamsTeams togetherTeam positionsShared explorationLock speedFull tech treeHidden civsTurbo modeCheats
Victory
Defeat
🇹🇷 Japanese · Türkiye
1171
+11
🇹🇷 Italians · Türkiye
1001
+18
🇹🇷 Malay · Türkiye
970
+19
🇹🇷 Franks · Türkiye
949
+19
🇳🇱 Italians · Netherlands
1052
-17
🇳🇱 Bengalis · Netherlands
1049
-17
🇳🇱 Spanish · Netherlands
1046
-17
🇨🇳 Varangians · China
1010
-16
Çalooo
0:34 Loom
11:18 Feudal Age
16:27 Castle Age
15:07 Double-Bit Axe
15:33 Horse Collar
17:34 Wheelbarrow
25:25 Ballistics
27:12 Padded Archer Armor
27:03 Fletching
30:16 Imperial Age
29:59 Leather Archer Armor
29:40 Bodkin Arrow
32:02 Chemistry
33:30 Ring Archer Armor
33:21 Bracer
33:45 Pikeman
34:26 Squires
36:29 Elite Skirmisher
romeo63
9:46 Feudal Age
9:30 Double-Bit Axe
12:25 Horse Collar
17:07 Castle Age
20:04 Gold Mining
22:19 Wheelbarrow
23:47 Heavy Plow
24:08 Husbandry
26:51 Scale Barding Armor
26:57 Forging
27:55 Hand Cart
31:54 Imperial Age
30:20 Iron Casting
31:44 Gold Shaft Mining
32:33 Chemistry
31:54 Ballistics
31:45 Elite Battle Elephant
33:37 Blast Furnace
KingArthur
10:21 Feudal Age
12:28 Stone Mining
17:43 Castle Age
19:14 Crossbowman
20:11 Padded Archer Armor
20:19 Scale Barding Armor
21:13 Fletching
21:35 Forging
24:58 Husbandry
32:36 Bodkin Arrow
33:13 Leather Archer Armor
hannibal
10:18 Feudal Age
12:17 Loom
15:50 Castle Age
15:12 Double-Bit Axe
19:57 Fletching
25:44 Scale Mail Armor
25:55 Forging
26:20 Horse Collar
29:57 Heavy Plow
30:08 Bow Saw
33:01 Imperial Age
30:39 Squires
31:12 Gold Mining
32:05 Chain Mail Armor
32:25 Iron Casting
33:16 Pikeman
33:42 Arson
34:30 Plate Mail Armor
36:40 Blast Furnace
37:23 Conscription
38:28 Halberdier
39:57 Elite Samurai
AGE OF AI
1:34 Loom
10:24 Feudal Age
12:30 Double-Bit Axe
17:12 Castle Age
15:35 Horse Collar
15:49 Gold Mining
16:47 Stone Mining
25:11 Pikeman
27:47 Town Watch
28:38 Wheelbarrow
33:18 Imperial Age
31:39 Scale Mail Armor
31:57 Forging
33:17 Fletching
34:02 Iron Casting
33:43 Chain Mail Armor
33:31 Padded Archer Armor
33:44 Bow Saw
34:42 Conscription
35:11 Halberdier
36:31 Iron Casting
35:51 Bodkin Arrow
36:12 Leather Archer Armor
39:58 Halberdier
julian
10:35 Feudal Age
11:03 Loom
11:48 Double-Bit Axe
14:50 Castle Age
12:49 Horse Collar
33:28 Imperial Age
32:25 Gold Mining
38:11 Elite Skirmisher
38:57 Thumb Ring
威力古德
10:06 Feudal Age
13:40 Castle Age
11:57 Double-Bit Axe
16:57 Horse Collar
27:43 Forging
27:34 Scale Mail Armor
28:36 Heavy Plow
32:01 Imperial Age
30:09 Wheelbarrow
29:55 Loom
30:34 Stone Mining
31:57 Padded Archer Armor
31:48 Fletching
32:04 Scale Barding Armor
32:14 Chain Mail Armor
32:35 Iron Casting
33:06 Ballistics
33:46 Chemistry
32:57 Fortified Wall
32:33 Gothikon
32:46 Elite Varangian Guard
34:44 Chain Barding Armor
34:34 Heavy Mounted Crossbowman
34:35 Cranequins
36:26 Conscription
36:12 Pikeman
36:57 Squires
37:26 Halberdier
Ryu
9:42 Loom
11:33 Feudal Age
16:52 Castle Age
15:35 Double-Bit Axe
15:34 Horse Collar
18:12 Stone Mining
19:15 Forging
19:12 Scale Barding Armor
20:00 Bloodlines
20:09 Bloodlines
28:32 Imperial Age
28:31 Iron Casting
28:19 Chain Barding Armor
28:19 Husbandry
28:21 Fletching
28:32 Padded Archer Armor
28:42 Padded Archer Armor
29:14 Light Cavalry
29:48 Cavalier
31:07 Bodkin Arrow
31:28 Leather Archer Armor
34:24 Bracer
34:55 Ring Archer Armor
36:13 Ballistics
40:27 Ring Archer Armor
Connection lost

Rejoining the realm…

Still unreachable

The connection could not be restored.

Session expired

The server has moved on; the page needs a fresh start.